 Dungeon Crawl Stone Soup version 0.20.1-1-g8b1a95d (webtiles) character file.

39 Lorindel the Insei (level 3, -4/23 HPs)
             Began as an Octopode Transmuter on July 20, 2017.
             Killed from afar by Sigmund (11 damage)
             ... with a puff of flame
             ... on level 2 of the Dungeon.
             The game lasted 00:07:04 (1598 turns).

Lorindel the Insei (Octopode Transmuter)            Turns: 1598, Time: 00:07:04

Health: -4/23      AC:  2    Str:  9    XL:     3   Next: 45%
Magic:  1/6        EV: 20    Int: 16    God:
Gold:   19         SH:  0    Dex: 17    Spells: 1/7 levels left

rFire    . . .     SeeInvis .     - Unarmed
rCold    . . .     Gourm    .   (shield currently unavailable)
rNeg     . . .     Faith    .   (helmet currently unavailable)
rPois    x         Spirit   .   (no amulet)
rElec    .         Reflect  .   (no ring)
rCorr    .         Harm     .   (no ring)
MR       .....                  (no ring)
Stlth    ++........             (no ring)
Regen    0.1/turn               (no ring)
MPRegen  0.1/turn               (no ring)
                                (no ring)
                                (no ring)

@: spider-form
A: almost no armour, stealthy swim, (amphibious), 8 rings, (constrict 8)
a: End Transformation


You were on level 2 of the Dungeon.
You were not hungry.
You were a venomous arachnid creature.
You visited 1 branch of the dungeon, and saw 2 of its levels.

You collected 19 gold pieces.

Inventory:

Missiles
 a - 10 arrows
 e - 12 poisoned needles
Jewellery
 d - an uncursed ring of ice {unknown}
 g - a +5 ring of protection {unknown}
Scrolls
 j - a scroll of teleportation {unknown}
Potions
 i - a potion of flight {unknown}
Books
 b - a book of Changes

   Spells                             Type                      Level
   a - Beastly Appendage              Transmutation                1
   b - Sticks to Snakes               Transmutation                2
   c - Spider Form                    Transmutation/Poison         3
   d - Ice Form                       Ice/Transmutation            4
   e - Blade Hands                    Transmutation                5
Comestibles
 c - 3 bread rations
 f - a chunk of flesh
 h - a royal jelly


   Skills:
 + Level 1.5 Fighting
 + Level 2.1 Dodging
 + Level 1.5 Stealth
 + Level 3.2 Unarmed Combat
 + Level 2.5 Spellcasting
 + Level 2.2 Transmutations
 + Level 0.2 Poison Magic


You had one spell level left.
You knew the following spells:

 Your Spells              Type           Power        Failure   Level  Hunger
a - Beastly Appendage     Tmut           #.....       21%         1    #......
b - Sticks to Snakes      Tmut           #.......     28%         2    ##.....
c - Spider Form           Tmut/Pois      #.........   56%         3    ###....


Dungeon Overview and Level Annotations

Branches:
Dungeon (2/15)

Altars:

Annotations:
D:2 Sigmund


Innate Abilities, Weirdness & Mutations

You cannot wear most types of armour.
You are very stealthy in the water. (Stealth+)
((You are amphibious.))
You can wear up to eight rings at the same time.
((You can use your tentacles to constrict eight enemies at once.))
((Your skin changes colour to match your surroundings (Stealth+).))
((Your rubbery body absorbs attacks. (AC +1, EV +1)))


Message History

Your adder dies!
You hear a zap.
Your ball python evaporates and reforms as a river rat!
You hear some strange, mumbled words.
Your river rat appears confused.
Your river rat returns to the shadows of the Dungeon!
Casting: Sticks to Snakes
Confirm with . or Enter, or press ? or * to list all spells.
You turn into a venomous arachnid creature.
Something hits you!
You closely miss something.
You hear some strange, mumbled words.
A puff of flame appears from out of thin air!
The puff of flame misses you.
You hit something. Something hits you.
You hit something.
You hear some strange, mumbled words.
A puff of flame appears from out of thin air!
The puff of flame hits you!
You die...

#.......# #. #.......#
#@ ##.####### #.
#........# #.
#...)....######(
#...)....##.@...
#...............
########........##.....
#.....s................
##.###############.%...
......(.....
###########รท###
#<.............
#..########.###
#..########.#
#...........#
##.............


There were no monsters in sight!

Vanquished Creatures
  An ooze (D:1)
  A dart slug (D:1)
  4 bats (D:1)
  2 giant cockroaches (D:1)
  4 goblins
  6 hobgoblins
  4 kobolds (D:1)
  6 rats
  A bush (D:1)
29 creatures vanquished.

Notes
Turn   | Place    | Note
-------+----------+-------------------------------------------
     0 | D:1      | Lorindel the Octopode Transmuter began the quest for the Orb.
     0 | D:1      | Reached XP level 1. HP: 13/13 MP: 3/3
   263 | D:1      | Reached XP level 2. HP: 17/18 MP: 3/5
   583 | D:1      | Learned a level 2 spell: Sticks to Snakes
   741 | D:1      | Reached skill level 1 in Stealth
   825 | D:1      | Reached XP level 3. HP: 21/23 MP: 4/6
  1050 | D:1      | Learned a level 3 spell: Spider Form
  1513 | D:2      | Noticed Sigmund
  1598 | D:2      | Killed from afar by Sigmund

Skill      XL: |  1  2 |
---------------+-------+-----
Stealth        | 1 |  1.5
Fighting       | |  1.5
Dodging        | |  2.1
Unarmed Combat | |  3.2
Spellcasting   | |  2.5
Transmutations | |  2.2
Poison Magic   | |  0.2

Action                   || total
-------------------------++-------
Melee: Unarmed           ||   198
       Tentacles         ||    41
       Constrict         ||    16
       Kick              ||    51
       Punch             ||     3
 Cast: Beastly Appendage ||    27
       Sticks to Snakes  ||     2
       Spider Form       ||     1
 Stab: Sleeping          ||     7
  Eat: Chunk             ||     3
Armor: Skin              ||     9
Dodge: Dodged            ||    39
